Map: Автоматон РВ

Players

Assaresh - Winner!

  • Race: Terran Terran
  • League: Platinum
  • Spawn Location: 9:00

ИИ 1 (эксперт)

  • Race: Terran Terran
  • Spawn Location: 3:00

VOD

Have the link to the VOD?

Description

Time

  • Played on: Dec. 15, 2018, 10:30 a.m.
  • Length: 11:19
Show
View Real Time Build Order
Export as new Build Order

Assaresh Terran - Winner!

Build Orders: 1/1/1 

Get SALT Encoding   

  12  0:02  SCV  
  13  0:14  SCV  
  13  0:20  Supply Depot  
  14  0:27  SCV  
  15  0:30  Refinery  
  15  0:42  SCV  
  16  0:47  Barracks  
  16  0:54  SCV  
  17  0:59  Refinery  
  17  1:06  SCV  
  19  1:18  SCV  
  19  1:33  Orbital Command  
  19  1:36  Factory  
  19  1:39  Barracks Reactor  
  19  1:50  Supply Depot  
  19  2:00  SCV  
  20  2:12  SCV  
  21  2:20  Starport  
  21  2:29  Hellion x2  
  26  2:30  Reaper  
  26  2:35  Supply Depot  
  26  2:39  SCV  
  27  2:51  Hellion  
  29  3:04  Hellion  
  29  3:05  SCV  
  32  3:09  Fusion Core  
  32  3:10  Starport Tech Lab  
  32  3:14  Supply Depot  
  32  3:38  Widow Mine x2  
  35  3:41  SCV  
  36  3:58  Battlecruiser  
  42  4:11  Widow Mine x2  
  42  4:12  SCV  
  42  4:16  Supply Depot  
  47  4:20  Armory  
  47  4:25  Barracks Tech Lab  
  47  4:38  SCV  
  48  4:42  Supply Depot  
  48  5:08  Command Center  
  48  5:16  Supply Depot  
  48  5:24  Engineering Bay  
  48  5:33  Marine  
  49  5:36  Battlecruiser  
  55  5:44  SCV  
  56  5:52  Marine  
  56  5:55  Bunker  
  57  6:06  Drilling Claws  
  57  6:20  SCV  
  57  6:22  Orbital Command  
  58  6:32  SCV  
  59  6:40  Battlecruiser  
  59  6:43  Terran Vehicle And Ship Armor Level 1  
  65  6:49  Marine  
  65  6:50  Marine  
  67  7:06  SCV  
  67  7:07  SCV  
  69  7:12  Refinery  
  69  7:16  Missile Turret  
  69  7:20  Refinery, SCV x2  
  71  7:34  Widow Mine x2  
  75  7:41  Supply Depot  
  75  8:02  Widow Mine x2  
  81  8:05  Marauder  
  75  8:27  Marauder  
  71  8:48  Terran Vehicle And Ship Armor Level 2  
  71  8:50  Battlecruiser  
  77  9:05  SCV, Widow Mine x2  
  82  9:36  Weapon Refit  
  82  10:18  Widow Mine x2  
  92  10:51  Widow Mine  
Show
View Real Time Build Order
Export as new Build Order

ИИ 1 (эксперт) Terran 

Build Orders:  

Get SALT Encoding   

  12  0:00  SCV  
  13  0:13  SCV  
  14  0:19  Supply Depot  
  14  0:25  SCV  
  15  0:31  Refinery  
  15  0:41  SCV  
  16  0:49  Barracks  
  16  0:53  SCV  
  17  1:05  SCV  
  18  1:17  SCV  
  19  1:35  Marine  
  19  1:38  Factory, Orbital Command  
  20  1:40  Supply Depot  
  20  1:52  Barracks  
  20  1:54  Marine  
  21  2:03  SCV  
  22  2:14  Barracks Tech Lab  
  22  2:16  SCV  
  23  2:23  Supply Depot  
  23  2:24  Hellion  
  25  2:32  Marauder, Concussive Shells  
  27  2:41  Barracks Tech Lab  
  27  2:46  Hellion  
  27  2:48  SCV  
  30  2:54  Marauder  
  32  3:00  Marauder  
  32  3:02  Supply Depot  
  34  3:07  Hellion  
  36  3:15  Marauder  
  38  3:24  Marauder  
  40  3:29  Hellion, Supply Depot  
  42  3:36  Marauder  
  42  3:37  SCV  
  45  3:44  Marine  
  46  3:50  Refinery  
  46  3:57  Marine  
  46  4:02  Marine  
  47  4:06  Supply Depot  
  48  4:12  SCV  
  48  4:15  Marine  
  50  4:20  Marine  
  51  4:24  SCV  
  51  4:31  Stimpack  
  52  4:32  Engineering Bay  
  52  4:33  Marine  
  52  4:36  SCV  
  54  4:39  Marauder  
  56  4:51  Marine  
  57  4:55  Command Center  
  57  4:59  Terran Infantry Weapons Level 1  
  57  5:05  Supply Depot, Marine  
  58  5:08  Marine  
  59  5:22  Marine  
  59  5:27  Marauder, Combat Shield  
  62  5:35  Engineering Bay  
  62  5:43  Barracks  
  62  5:46  Marine  
  63  5:50  Marine  
  64  5:57  Supply Depot  
  64  6:01  Terran Infantry Armor Level 1  
  66  6:04  Marauder  
  66  6:08  Marauder  
  66  6:09  SCV  
  69  6:13  SCV  
  70  6:21  SCV  
  71  6:26  SCV  
  71  6:30  Barracks Reactor  
  72  6:33  SCV  
  72  6:38  SCV  
  74  6:46  SCV  
  75  6:50  SCV  
  75  6:54  Marauder, Marine  
  76  6:56  Starport  
  76  6:58  SCV  
  80  7:02  SCV  
  80  7:06  Marine  
  82  7:12  Marauder  
  84  7:19  Command Center  
  84  7:25  Supply Depot  
  84  7:26  SCV  
  84  7:28  SCV  
  86  7:33  Medivac  
  88  7:38  SCV  
  88  7:41  SCV  
  90  7:50  SCV  
  91  7:51  Supply Depot  
  91  7:53  SCV  
  92  8:02  Armory  
  92  8:03  SCV, Medivac  
  92  8:05  Orbital Command  
  87  8:15  SCV  
  77  8:27  SCV  
  77  8:30  SCV  
  77  8:31  SCV  
  71  8:35  Marauder  
  71  8:39  SCV  
  72  8:43  SCV  
  72  8:44  SCV  
  74  8:50  Terran Infantry Weapons Level 2  
  74  8:51  SCV  
  74  8:55  SCV  
  76  8:57  SCV  
  77  9:03  SCV, Viking  
  77  9:07  SCV  
  77  9:09  SCV  
  82  9:15  SCV  
  83  9:19  SCV  
  83  9:21  SCV  
  80  9:27  SCV  
  72  9:31  SCV  
  72  9:33  SCV  
  69  9:39  SCV  
  69  9:41  Marauder  
  69  9:44  SCV  
  69  9:45  SCV  
  66  9:50  Marine  
  66  9:51  SCV  
  66  9:52  Marine  
  63  9:55  Marine  
  63  9:57  SCV  
  58  10:02  Marine  
  58  10:03  SCV  
  53  10:07  Marine  
  53  10:10  Marine  
  53  10:13  Marine  
  52  10:18  SCV  
  52  10:23  SCV  
  52  10:25  Marine  
  52  10:28  Marine  
  48  10:31  Marine  
  43  10:36  SCV  
  43  10:40  SCV  
  41  10:43  Marine  
  41  10:45  SCV, Marine  
  41  10:49  Marine  
  35  11:01  SCV, Marine  
Tags
 
League
Platinum
Matchup
ТvТ
Opening
1/1/1
Spawn Locations
Cross Positions
Add a new tag
Caveats
  • Supply blocks, unpowered buildings, or Contaminate may cause inaccurate times.
  • Supply counts are checked every 10 seconds.